 Dungeon Crawl Stone Soup version 0.26-a0-651-gb41185065b (webtiles) character file.

Game seed: 2062775758977837139

506 kae the Ruffian (level 6, -1/52 HPs)
             Began as a Draconian Transmuter on Oct 13, 2020.
             Slain by an ice beast (12 damage)
             ... on level 5 of the Dungeon.
             The game lasted 00:04:35 (5781 turns).

kae the Ruffian (Draconian Transmuter)              Turns: 5781, Time: 00:04:36

Health: -1/52      AC:  2    Str: 15    XL:     6   Next: 97%
Magic:  0/11       EV: 21    Int: 13    God:
Gold:   281        SH:  0    Dex: 16    Spells: 5/11 levels left

rFire    . . .     SeeInvis .     - Unarmed
rCold    . . .     Faith    .   (shield currently unavailable)
rNeg     + . .     Spirit   +   (armour unavailable)
rPois    x         Reflect  .   (helmet currently unavailable)
rElec    .         Harm     .   (cloak currently unavailable)
rCorr    .         Rampage  .   (gloves currently unavailable)
MR       .....                  (boots currently unavailable)
Stlth    +.........             g - amulet of guardian spirit
HPRegen  0.17/turn              (no ring)
MPRegen  0.12/turn              k - ring of positive energy

@: spider-form (expiring)
A: tiny, unfitting armour, AC +6
a: End Transformation


You were on level 5 of the Dungeon.
You were a venomous arachnid creature.
You visited 1 branch of the dungeon, and saw 5 of its levels.

You collected 281 gold pieces.

Inventory:

Hand Weapons
 e - a +0 war axe of flaming (melded)
Armour
 h - a +0 pair of boots (melded)
 j - a +0 pair of gloves (melded)
 p - a +0 cloak (melded)
Jewellery
 g - an amulet of guardian spirit (around neck)
 k - a ring of positive energy (right front leg)
 n - an uncursed amulet of faith
Scrolls
 l - 3 scrolls of remove curse
Potions
 a - a potion of might
 b - a potion of berserk rage {unknown}
 c - a potion of brilliance
 d - 4 potions of haste
 i - 2 potions of degeneration {unknown}
 m - a potion of resistance {unknown}
 o - 4 potions of stabbing {unknown}
 q - a potion of flight {unknown}


   Skills:
 + Level 3.6 Fighting
 + Level 3.4 Dodging
 + Level 4.4 Unarmed Combat
 + Level 3.4 Spellcasting
 + Level 3.7 Transmutations


You had 5 spell levels left.
You knew the following spells:

 Your Spells              Type           Power        Failure   Level
a - Beastly Appendage     Tmut           ##....       14%         1
b - Wereblood             Tmut           ##......     19%         2
c - Spider Form           Tmut/Pois      #.........   52%         3

Your spell library contained the following spells:

 Spells                   Type           Power        Failure   Level
 Animate Skeleton         Necr           #.....       43%         1
 Apportation              Tloc           #.....       43%         1
 Corona                   Hex            #......      43%         1
 Summon Small Mammal      Summ           #...         43%         1
 Confusing Touch          Hex            #.......     75%         3
 Gell's Gravitas          Tloc           #.........   75%         3
 Ice Form                 Ice/Tmut       #.......     87%         4
 Petrify                  Tmut/Erth      #.......     87%         4
 Blade Hands              Tmut           ##........   91%         5
 Yara's Violent Unravell  Hex/Tmut       #.........   99%         5
 Metabolic Englaciation   Hex/Ice        #.........   100%        5


Dungeon Overview and Level Annotations

Branches:
Dungeon (5/15)
 Temple: D:4-7

Altars:

Shops:
D:5 [


Innate Abilities, Weirdness & Mutations

((Your plain brown scales are hard. (AC +6)))
You cannot fit into any form of body armour.
((You are cold-blooded and may be slowed by cold attacks.))


Message History

An ice beast is nearby!
You are too injured to fight recklessly!
You are too injured to fight recklessly!
An ice beast is nearby!
You are too injured to fight recklessly!
You are too injured to fight recklessly!
You barely miss the ice beast.
The ice beast is moderately wounded.
Your transformation is almost over.
You hit the ice beast.
The ice beast is moderately wounded.
The ice beast hits you. The ice beast freezes you!
You hit the ice beast.
The ice beast is poisoned.
The ice beast is heavily wounded.
The ice beast hits you. The ice beast freezes you.
* * * LOW HITPOINT WARNING * * *
You barely miss the ice beast.
The ice beast is heavily wounded.
The ice beast hits you. The ice beast freezes you!
You die...

####.#### .#......#.
........# #........ .#
.....##.# #.......##.#
.....##.## +..........
.....##..###........# #
.....#####..........#.#
.....#####............#
.....[................#
.....###.......|sY#:..
.....###.)........$.....
.....<............######
#.#..###....#...###
.....###...####....
.........### #####
......#### ....#..#
....##..#


You could see an ice beast (very poisoned).

Vanquished Creatures
  An ogre (D:4)
  A scorpion (D:4)
  A hound (D:4)
  An orc priest (D:3)
  2 orc wizards (D:5)
  A centaur skeleton (D:2)
  An iguana (D:4)
  2 worker ants
  7 adders
  An ooze (D:5)
  4 worms (D:2)
  2 dart slugs
  4 leopard geckos
  6 orcs
  5 goblins
  8 hobgoblins
  2 quokkas
  2 ball pythons
  13 bats
  5 frilled lizards
  4 kobolds
  7 rats
80 creatures vanquished.

Notes
Turn   | Place    | Note
-------+----------+-------------------------------------------
     0 | D:1      | kae the Draconian Transmuter began the quest for the Orb.
     0 | D:1      | Reached XP level 1. HP: 16/16 MP: 3/3
   107 | D:1      | Reached XP level 2. HP: 13/23 MP: 1/5
   265 | D:1      | Learned a level 2 spell: Wereblood
   995 | D:2      | Reached XP level 3. HP: 9/29 MP: 6/6
  1443 | D:2      | Reached XP level 4. HP: 27/36 MP: 7/7
  1670 | D:2      | Learned a level 3 spell: Spider Form
  2969 | D:3      | Reached XP level 5. HP: 40/42 MP: 4/9
  4225 | D:4      | Noticed an ogre
  4232 | D:4      | Killed an ogre
  4232 | D:4      | Reached skill level 4 in Unarmed Combat
  4232 | D:4      | Reached XP level 6. HP: 51/51 MP: 6/10
  5226 | D:5      | Entered Level 5 of the Dungeon
  5226 | D:5      | Found Yguul's Antique Armour Shoppe.
  5769 | D:5      | Noticed an ice beast
  5781 | D:5      | Slain by an ice beast

Illustrated notes

Levels and vault maps discovered:
D:1:      eino_arrival_water_star, layout_loops_cross
D:2:      layout_loops_corners
D:3:      layout_basic
D:4:      layout_basic, hangedman_decor_lopped, dk_vineyard_3
D:5:      layout_rooms, kennysheep_mini, grunt_qazlal_sundering, serial_shops,
          nicolae_shop_waterfront, minivault_27, kennysheep_decorative_pillar

Skill      XL: |  1  2  3  4  5 |
---------------+----------------+-----
Dodging        | 2 3 |  3.4
Fighting       | 2 3 |  3.6
Transmutations | 3 |  3.7
Spellcasting   | 3 |  3.4
Unarmed Combat | 4 |  4.4

Action                   |  1- 3 |  4- 6 || total
-------------------------+-------+-------++-------
Melee: Unarmed           |    96 |    51 ||   147
       Kick              |    11 |    11 ||    22
       Headbutt          |     5 |     8 ||    13
       Tailslap          |     6 |     4 ||    10
       War axe           |       |   104 ||   104
 Cast: Beastly Appendage |    20 |    21 ||    41
       Spider Form       |       |     7 ||     7
  Use: Scroll            |     2 |     8 ||    10
       Potion            |       |     1 ||     1
 Stab: Sleeping          |       |     1 ||     1
Armor: Skin              |    28 |    80 ||   108
Dodge: Dodged            |    57 |   185 ||   242

Table legend: (Time is in decaauts)
 A = Elapsed time spent in this place.
 B = Non-inter-level travel time spent in this place.
 C = Inter-level travel time spent in this place.
 D = Time resting spent in this place.
 E = Time spent auto-exploring this place.
 F = Levels seen in this place.
 G = Mean time per level.
                   A        B        C        D        E       F      G
               +--------+--------+--------+--------+--------+-----+--------+
         Total |   5823 |   5661 |    162 |   1161 |   3740 |   5 | 1164.6 |
       Dungeon |   5823 |   5661 |    162 |   1161 |   3740 |   5 | 1164.6 |
               +--------+--------+--------+--------+--------+-----+--------+

Top non-repeatable levels by time:
     D:4: 1723 daAuts
     D:2: 1588 daAuts
     D:3: 1209 daAuts
     D:1: 1083 daAuts
     D:5: 218 daAuts
